 Dungeon Sprint DCSS version 0.22-a0-369-gc73351f (webtiles) character file.

700 emperorscorpion the Spear-Bearer (level 7, -2/59 HPs)
             Began as a Demonspawn Warper on Apr 24, 2018.
             Was an Elder of Cheibriados.
             Killed from afar by a deep elf mage (5 damage)
             ... with a sticky flame
             ... in the Dungeon (Sprint IX: "|||||||||||||||||||||||||||||").
             The game lasted 00:04:47 (305 turns).

emperorscorpion the Spear-Bearer (Demonspawn Warper) Turns: 305, Time: 00:04:47

Health: -2/59      AC:  5    Str: 27    XL:     7   Next: 38%
Magic:  16/17      EV: 18    Int: 24    God:    Cheibriados [****..]
Gold:   0          SH:  0    Dex: 25    Spells: 5/19 levels left

rFire    . . .     SeeInvis .   a - +2 halberd (venom)
rCold    . . .     Gourm    .   (shield currently unavailable)
rNeg     . . .     Faith    .   v - +0 leather armour
rPois    .         Spirit   .   (helmet restricted)
rElec    .         Reflect  .   (no cloak)
rCorr    .         Harm     .   (no gloves)
MR       .....     NoTele   +   r - +0 pair of boots
Stlth    +.........             (no amulet)
HPRegen  0.19/turn              t - +3 ring of strength
MPRegen  0.15/turn              u - +3 ring of strength

@: liquid flames, shrouded, glowing, very slow
A: antennae 2, rugged brown scales 1
a: Bend Time, Temporal Distortion, Slouch, Renounce Religion


You were in the Dungeon.
You worshipped Cheibriados.
Cheibriados was greatly pleased with you.
You were not hungry.

You visited 1 branch

Inventory:

Hand Weapons
 a - a +2 halberd of venom (weapon)
 b - a +0 shortbow
 p - a +0 spear
 q - the +2 rapier "Hoilicko" {pierce, -Tele Fragile rElec SInv}
   (You found it in the Dungeon)

   It inflicts extra damage upon your enemies.
   It insulates you from electricity.
   It lets you see invisible.
   It prevents most forms of teleportation.
   It will be destroyed if unequipped.
Missiles
 e - 5 tomahawks of dispersal (quivered)
 w - 21 arrows
Armour
 r - a +0 pair of boots (worn)
 s - a +0 plate armour
 v - a +0 leather armour (worn)
Magical Staves
 o - an uncursed staff of energy
Jewellery
 t - a +3 ring of strength (left hand)
 u - a +3 ring of strength (right hand)
Wands
 n - a wand of acid (8)
Scrolls
 d - 3 scrolls of blinking
 l - 3 scrolls of remove curse
 m - 2 scrolls of amnesia
Potions
 g - 5 potions of curing
 h - 3 potions of heal wounds
 i - a potion of haste
 j - 4 potions of magic
 k - a potion of invisibility
Comestibles
 c - 9 chunks of flesh
 f - a ration


   Skills:
 + Level 6.3 Fighting
 + Level 8.2 Polearms
 + Level 1.9 Throwing
 + Level 2.2 Armour
 + Level 6.3 Dodging
 + Level 3.5 Stealth
 + Level 6.6 Spellcasting
 + Level 1.0 Charms
 + Level 5.7 Translocations
 + Level 0.3 Evocations


You had 5 spell levels left.
You knew the following spells:

 Your Spells              Type           Power        Failure   Level  Hunger
a - Teleport Other        Tloc           #####...     2%          3    None
b - Blink                 Tloc           N/A          1%          2    None
g - Shroud of Golubria    Chrm/Tloc      ###.......   3%          2    None
l - Lesser Beckoning      Tloc           #####.....   2%          3    None
p - Passage of Golubria   Tloc           N/A          8%          4    ###....


Dungeon Overview and Level Annotations

Branches:
Dungeon (1/1)

Altars:
Cheibriados
Dithmenos
Elyvilon
Fedhas
Gozag
Hepliaklqana
Kikubaaqudgha
Makhleb
Nemelex Xobeh
Okawaru
Qazlal
Ru
Sif Muna
Trog
Uskayaw
Vehumet
Wu Jian
Xom
Yredelemnul
Zin
The Shining One
Beogh
Jiyva
Lugonu


Innate Abilities, Weirdness & Mutations

You have a pair of antennae on your head.
You are partially covered in rugged brown scales. (AC +1, +3% HP)


Message History

The deep elf mage gestures at you while chanting.
The sticky flame hits you!
You are covered in liquid flames!
You hit the deep elf mage.
The deep elf mage looks as sick as possible!
The deep elf mage is almost dead.
You are covered in liquid flames!
* * * LOW HITPOINT WARNING * * *
Your shroud bends the fire elemental's attack away. x2
The deep elf mage barely misses you.
You closely miss the deep elf mage.
The deep elf mage is almost dead.
You are covered in liquid flames!
* * * LOW HITPOINT WARNING * * *
The fire elemental hits you. The fire elemental burns you!
* * * LOW HITPOINT WARNING * * *
The deep elf mage gestures at you while chanting.
The sticky flame hits you!
You are covered in liquid flames!
You die...

▓.▓
▓(▓
▓.▓
▓(▓
▓(▓
▓E▓
▓E▓
▓e▓
{
▓@▓
▓E▓
{
▓.▓
▓.▓
▓.▓
{
▓[▓
{
▓)▓
{
▓.▓
{
▓.▓
{


You could see a deep elf mage and 3 fire elementals.

Vanquished Creatures
  A wyvern (D)
  An orc warrior (D)
  2 centaurs (D)
  An ogre (D)
  A big kobold (D)
  A scorpion (D)
  A howler monkey (D)
  A worker ant (D)
  An iguana (D)
  An adder (D)
  An adder skeleton (D)
  A giant cockroach (D)
  A goblin (D)
  2 hobgoblins (D)
  3 frilled lizards (D)
19 creatures vanquished.

Notes
Turn   | Place    | Note
-------+----------+-------------------------------------------
     0 | D        | emperorscorpion the Demonspawn Warper began the quest for the Orb.
     0 | D        | Reached XP level 1. HP: 16/16 MP: 3/3
     6 | D        | Reached skill level 2 in Polearms
     6 | D        | Reached skill level 1 in Throwing
    16 | D        | Reached skill level 1 in Armour
    28 | D        | Noticed an iguana
    28 | D        | Noticed an ogre
    32 | D        | Gained mutation: You have a pair of small antennae on your head. [demonic ancestry]
    32 | D        | Reached XP level 2. HP: 23/23 MP: 5/5
    35 | D        | Killed an ogre
    35 | D        | Reached skill level 4 in Polearms
    35 | D        | Reached skill level 1 in Stealth
    35 | D        | Reached XP level 3. HP: 30/30 MP: 5/8
    35 | D        | Gained mutation: You are partially covered in rugged brown scales. (AC +1, +3% HP) [demonic ancestry]
    35 | D        | Reached XP level 4. HP: 38/38 MP: 6/10
    50 | D        | Found a roughly hewn altar of Beogh.
    50 | D        | Found a snail-covered altar of Cheibriados.
    50 | D        | Found a shadowy altar of Dithmenos.
    50 | D        | Found a white marble altar of Elyvilon.
    50 | D        | Found a blossoming altar of Fedhas.
    50 | D        | Found an opulent altar of Gozag.
    51 | D        | Found a hazy altar of Hepliaklqana.
    52 | D        | Found a viscous altar of Jiyva.
    53 | D        | Found an ancient bone altar of Kikubaaqudgha.
    54 | D        | Became a worshipper of Cheibriados the Contemplative
    55 | D        | Found a corrupted altar of Lugonu.
    56 | D        | Found a burning altar of Makhleb.
    57 | D        | Found a sparkling altar of Nemelex Xobeh.
    58 | D        | Found an iron altar of Okawaru.
    59 | D        | Found a stormy altar of Qazlal.
    60 | D        | Found a sacrificial altar of Ru.
    61 | D        | Found a deep blue altar of Sif Muna.
    62 | D        | Found a bloodstained altar of Trog.
    63 | D        | Found a hide-covered altar of Uskayaw.
    64 | D        | Found a radiant altar of Vehumet.
    65 | D        | Found an ornate altar of the Wu Jian Council.
    66 | D        | Found a shimmering altar of Xom.
    67 | D        | Found a basalt altar of Yredelemnul.
    68 | D        | Found a glowing silver altar of Zin.
    69 | D        | Found a glowing golden altar of the Shining One.
    87 | D        | Got the +2 rapier "Hoilicko" {pierce, -Tele Fragile rElec SInv}
   108 | D        | Learned a level 2 spell: Blink
   112 | D        | Learned a level 3 spell: Teleport Other
   115 | D        | Learned a level 2 spell: Shroud of Golubria
   119 | D        | Learned a level 3 spell: Lesser Beckoning
   120 | D        | Noticed a centaur
   120 | D        | Noticed an orc warrior
   120 | D        | Noticed a big kobold
   120 | D        | Noticed a centaur
   125 | D        | Killed a centaur
   125 | D        | Reached skill level 5 in Polearms
   125 | D        | Reached skill level 5 in Spellcasting
   125 | D        | Reached XP level 5. HP: 42/44 MP: 5/12
   132 | D        | Reached * piety under Cheibriados
   132 | D        | Reached skill level 5 in Fighting
   132 | D        | Reached skill level 5 in Dodging
   135 | D        | Reached skill level 6 in Polearms
   135 | D        | Reached XP level 6. HP: 22/52 MP: 5/14
   137 | D        | Reached ** piety under Cheibriados
   137 | D        | Reached skill level 5 in Translocations
   139 | D        | Killed an orc warrior
   139 | D        | Reached skill level 7 in Polearms
   142 | D        | Reached *** piety under Cheibriados
   142 | D        | Gained mutation: You have a pair of antennae on your head. [demonic ancestry]
   142 | D        | Reached XP level 7. HP: 7/59 MP: 6/16
   155 | D        | Noticed a hungry ghost
   155 | D        | Noticed a two-headed ogre
   155 | D        | Noticed a deep elf mage
   155 | D        | Noticed a wyvern
   194 | D        | Learned a level 4 spell: Passage of Golubria
   270 | D        | Killed a wyvern
   270 | D        | Reached **** piety under Cheibriados
   270 | D        | Reached skill level 8 in Polearms
   270 | D        | Reached skill level 1 in Charms
   298 | D        | Noticed a fire elemental
   298 | D        | Noticed a fire elemental
   302 | D        | Noticed a fire elemental
   305 | D        | Killed from afar by a deep elf mage

Vault maps used:
D:        linesprint

Skill      XL: |  1  2  3  4  5  6  7 |
---------------+----------------------+-----
Polearms       | 2 4 5 6 7 8 |  8.2
Throwing       | 1 |  1.9
Dodging        | 2 4 5 6 |  6.3
Armour         | 1 2 |  2.2
Fighting       | 4 5 6 |  6.3
Stealth        | 1 2 3 |  3.5
Spellcasting   | 4 5 6 |  6.6
Translocations | 3 4 5 |  5.7
Charms         | 1 |  1.0
Evocations     | |  0.3

Action                   |  1- 3 |  4- 6 |  7- 9 || total
-------------------------+-------+-------+-------++-------
Melee: Spear             |    22 |     6 |       ||    28
       Halberd           |       |    18 |    16 ||    34
 Fire: Shortbow          |       |       |     8 ||     8
 Cast: Shroud of Golubri |       |     2 |     1 ||     3
       Lesser Beckoning  |       |     1 |       ||     1
       Blink             |       |       |     4 ||     4
Evoke: Wand              |       |     2 |       ||     2
  Use: Potion            |     1 |       |       ||     1
 Stab: Distracted        |     1 |       |       ||     1
Armor: Leather armour    |     5 |     5 |     9 ||    19
Dodge: Dodged            |    10 |    11 |     9 ||    30

Table legend:
 A = Spawn XP
 B = Non-spawn XP
 C = Spawn XP percentage of total XP
 D = Spawn monster count
 E = Non-spawn monster count
 F = Spawn count percentage of total count
 G = Total turns spent on level
                    A         B        C        D         E        F      G
               +---------+---------+-------+---------+---------+-------+---------
         Total |       0 |    1001 |   0.0 |       0 |      19 |   0.0 |   305
               +---------+---------+-------+---------+---------+-------+---------
             D |       0 |    1001 |   0.0 |       0 |      19 |   0.0 |   305
               +---------+---------+-------+---------+---------+-------+---------
